 Dungeon Crawl Stone Soup version 0.29.0-4-gdea44cf6ec (webtiles) character file.

Game seed: 5090272657371337668

16 qw the Firebug (level 2, 0/23 HPs)
             Began as a Ghoul Fire Elementalist on Aug 29, 2022.
             Slain by a quokka (2 damage)
             ... on level 1 of the Dungeon.
             The game lasted 00:00:36 (1083 turns).

qw the Firebug (Ghoul Fire Elementalist)            Turns: 1083, Time: 00:00:36

Health: 0/23       AC:  2    Str: 11    XL:     2   Next: 58%
Magic:  3/3        EV: 12    Int: 10    God:
Gold:   0          SH:  0    Dex:  9    Spells: 3/4 levels left

rFire   . . .      SeeInvis .     - Unarmed
rCold   + . .      Faith    .   (no shield)
rNeg    + + +      Spirit   .   a - +0 robe
rPois   inf        Reflect  .   (no helmet)
rElec   .          Harm     .   (no cloak)
rCorr   .          Rampage  .   (no gloves)
Will    .....                   (no boots)
Stlth   ++........              (no amulet)
HPRegen 0.00/turn               (no ring)
MPRegen 0.08/turn               (no ring)

@: inhibited regen
A: claws 1, cold resistance 1, negative energy resistance 3, inhibited
regeneration, torment resistance 2, devour on kill
a: no special abilities


You were on level 1 of the Dungeon.
You visited 1 branch of the dungeon, and saw 1 of its levels.


Innate Abilities, Weirdness & Mutations

You are immune to poison.
You have sharp fingernails.
Your flesh is cold resistant. (rC+)
You are immune to negative energy. (rN+++)
You do not regenerate when monsters are visible.
You are immune to unholy pain and torment.
You thrive by killing the living.


   Skills:
 - Level 1.1 Fighting
 - Level 1.7 Dodging
 - Level 2.1 Stealth
 + Level 1.9 Unarmed Combat
 - Level 1.7 Spellcasting
 - Level 0.7 Conjurations
 - Level 2.4 Fire Magic


You had 3 spell levels left.
You knew the following spells:

 Your Spells              Type           Power      Damage    Failure   Level
a - Foxfire               Conj/Fire      16%        2x1d4     17%         1

Your spell library contained the following spells:

 Spells                   Type           Power      Damage    Failure   Level
 Scorch                   Fire           10%        2d6       19%         2
 Conjure Flame            Conj/Fire      4%         6-21      45%         3
 Inner Flame              Hex/Fire       3%         N/A       52%         3
 Flame Wave               Conj/Fire      4%         2d5       86%         4

Inventory:

Armour
 a - a +0 robe (worn)
Jewellery
 d - a +6 ring of intelligence
Potions
 b - a potion of magic
 c - a potion of heal wounds {unknown}
 e - a potion of attraction {unknown}

Dungeon Overview and Level Annotations

Branches:
Dungeon (1/15)

Altars:


Message History

The kobold throws a stone.
The stone misses you.
The kobold throws a stone.
The stone hits you. The dart slug completely misses you.
You scratch the dart slug but do no damage.
The dart slug launches a dart at you. The slug dart misses you.
You scratch the dart slug.
The dart slug is severely wounded.
You scratch the dart slug.
You kill the dart slug!
The kobold barely misses you.
You barely miss the kobold. The kobold closely misses you.
You closely miss the kobold. The kobold hits you but does no damage.
1072 ||| Stepping ~*~*~tactically~*~*~ (stealth).
You closely miss the kobold. The kobold hits you with a +0 club.
You closely miss the kobold. The kobold hits you but does no damage.
You barely miss the kobold. The kobold closely misses you.
You closely miss the kobold. The kobold hits you with a +0 club.
You closely miss the kobold. The kobold hits you with a +0 club.
You scratch the kobold but do no damage.
The kobold misses you.
You barely miss the kobold. The kobold misses you.
You scratch the kobold but do no damage.
The kobold closely misses you.
You scratch the kobold.
You kill the kobold!
You barely miss the quokka. The quokka closely misses you.
You scratch the quokka.
The quokka is moderately wounded.
The quokka bites you.
You die...

##..###...#..##
#......#
##..##.....##
#......#
##......##
#....(.#
#######...#
..........#
#######...##
#....##
####..########.###
###...%.@.......
#.......r###.###
#..###...%......
....# #.......r..
#### #....##.##.
#....# .8# #....#
## #=...# #....#


You could see a quokka.

Vanquished Creatures
  3 dart slugs (D:1)
  A bat (D:1)
  An endoplasm (D:1)
  A hobgoblin (D:1)
  A kobold (D:1)
  A ball python (D:1)
  A frilled lizard (D:1)
  A goblin (D:1)
  A rat (D:1)
11 creatures vanquished.

Notes
Turn   | Place    | Note
-------+----------+-------------------------------------------
     0 | D:1      | qw the Ghoul Fire Elementalist began the quest for the Orb.
     0 | D:1      | Reached XP level 1. HP: 14/14 MP: 2/2
     0 | D:1      | 0 ||| qw: Version: 0.1-a-90-g952f4b7
     0 | D:1      | 0 ||| qw: Game counter: 3922
     0 | D:1      | 0 ||| qw: Always use a shield: true
     0 | D:1      | 0 ||| qw: God list: Okawaru
     0 | D:1      | 0 ||| qw: Allow faded altars: false
     0 | D:1      | 0 ||| qw: Do Orc after D:15 true
     0 | D:1      | 0 ||| qw: Do second Lair branch before Depths: true
     0 | D:1      | 0 ||| qw: Lair rune preference: random
     0 | D:1      | 0 ||| qw: Plans: Normal
     0 | D:1      | 0 ||| PLANNING D:1-11
    11 | D:1      | 11 ||| Stepping ~*~*~tactically~*~*~ (outnumbered).
    12 | D:1      | 12 ||| Stepping ~*~*~tactically~*~*~ (outnumbered).
   406 | D:1      | 406 ||| Stepping ~*~*~tactically~*~*~ (hiding).
   508 | D:1      | 508 ||| Stepping ~*~*~tactically~*~*~ (hiding).
   615 | D:1      | Reached skill level 1 in Unarmed Combat
   625 | D:1      | Reached XP level 2. HP: 18/22 MP: 3/3
   690 | D:1      | 690 ||| Stepping ~*~*~tactically~*~*~ (hiding).
   791 | D:1      | 791 ||| Stepping ~*~*~tactically~*~*~ (hiding).
   893 | D:1      | 893 ||| Stepping ~*~*~tactically~*~*~ (hiding).
   995 | D:1      | 995 ||| Stepping ~*~*~tactically~*~*~ (hiding).
  1008 | D:1      | Reached skill level 1 in Fighting
  1072 | D:1      | 1072 ||| Stepping ~*~*~tactically~*~*~ (stealth).
  1077 | D:1      | HP: 2/23 [kobold/+0 club (4)]
  1083 | D:1      | Slain by a quokka

Levels and vault maps discovered:
D:1:      dpeg_arrival_tiny_e, layout_rooms, amcnicky_mini_corridor_feature,
          minmay_box_of_dots

Skill      XL: |  1  2 |
---------------+-------+-----
Unarmed Combat | 1 |  1.9
Fighting       | 1 |  1.1
Dodging        | |  1.7
Stealth        | |  2.1
Spellcasting   | |  1.7
Conjurations   | |  0.7
Fire Magic     | |  2.4

Action                   || total
-------------------------++-------
Melee: Unarmed           ||    69
       Punch             ||     1
Armor: Robe              ||    18
Dodge: Dodged            ||    43

Table legend:
 A = Non-vault XP
 B = Vault XP
 C = Vault XP percentage of total XP
 D = Non-vault monster count
 E = Vault monster count
 F = Vault count percentage of total count
                 A         B        C        D         E       F
            +---------+---------+-------+---------+---------+-------
      Total |      24 |       0 |   0.0 |      11 |       0 |   0.0
            +---------+---------+-------+---------+---------+-------
        D:1 |      24 |       0 |   0.0 |      11 |       0 |   0.0
            +---------+---------+-------+---------+---------+-------
